Map: Blackburn LE

Players

HeroMarine - Winner!

  • Race: Terran Terran
  • League: Master

Lambo

  • Race: Zerg Zerg
  • League: Grandmaster

Event: DreamHack SC2 Masters 2021 Summer

VOD

Have the link to the VOD?

Description

Time

  • Played on: June 5, 2021, 1:39 p.m.
  • Length: 11:48

All games in this series

Show
View Real Time Build Order
Export as new Build Order

HeroMarine Terran - Winner!

Build Orders: Reaper Expand 

Get SALT Encoding   

  12  0:00  SCV  
  13  0:12  SCV  
  14  0:17  Supply Depot  
  14  0:24  SCV  
  15  0:38  SCV  
  15  0:39  Barracks  
  16  0:43  Refinery  
  16  0:50  SCV  
  17  1:02  SCV  
  18  1:15  SCV  
  19  1:27  Orbital Command, Reaper  
  20  1:40  Command Center  
  20  1:49  Supply Depot  
  20  1:52  SCV  
  21  1:59  Reaper  
  22  2:04  SCV  
  23  2:16  SCV  
  24  2:23  Factory  
  24  2:28  SCV  
  25  2:39  Barracks Reactor  
  25  2:40  SCV  
  26  2:44  Command Center  
  26  2:49  Bunker  
  26  2:52  SCV  
  27  2:58  Orbital Command  
  27  3:05  SCV  
  28  3:17  SCV  
  29  3:25  SCV  
  30  3:28  Barracks Tech Lab  
  30  3:29  Hellion x2, SCV  
  30  3:34  Barracks  
  35  3:38  SCV  
  35  3:40  Barracks  
  35  3:41  SCV  
  37  3:46  Stimpack, Marine  
  38  3:50  SCV  
  38  3:53  SCV  
  40  3:57  Orbital Command  
  40  4:02  SCV  
  41  4:04  Factory Reactor, Marine  
  41  4:05  SCV  
  41  4:09  Refinery  
  43  4:10  Refinery  
  43  4:14  SCV  
  43  4:16  Supply Depot  
  44  4:17  SCV  
  44  4:22  Marine  
  44  4:24  SCV  
  47  4:26  SCV  
  47  4:29  SCV  
  49  4:35  Marine x2  
  49  4:36  SCV  
  52  4:38  SCV  
  52  4:39  Engineering Bay  
  52  4:40  Starport  
  52  4:41  Engineering Bay, SCV  
  52  4:45  Factory Reactor  
  54  4:47  Marine x2  
  54  4:48  SCV  
  54  4:51  Marine, Supply Depot, SCV  
  59  4:53  SCV  
  60  5:00  Supply Depot x2  
  60  5:03  SCV  
  60  5:04  Marine x2  
  60  5:05  Marine x2  
  60  5:06  SCV  
  66  5:07  Orbital Command  
  66  5:08  Terran Infantry Armor Level 1  
  66  5:11  Terran Infantry Weapons Level 1  
  66  5:15  SCV  
  66  5:18  Marine, SCV  
  69  5:22  Marine  
  69  5:27  Combat Shield, Marine x2, SCV  
  73  5:30  SCV  
  73  5:31  Factory Reactor  
  73  5:33  SCV  
  75  5:36  Supply Depot  
  75  5:37  Medivac  
  75  5:39  Medivac, Refinery, SCV  
  75  5:40  Marine x3  
  83  5:43  SCV  
  83  5:45  SCV  
  83  5:47  Marine  
  83  5:48  Factory Reactor  
  83  5:49  Marine  
  86  5:51  SCV  
  86  5:55  SCV  
  89  5:57  SCV  
  89  5:58  Marine x2  
  89  5:59  Supply Depot, Marine  
  89  6:01  Supply Depot  
  89  6:03  SCV  
  94  6:05  Marine  
  94  6:07  Medivac, Marine, SCV  
  94  6:09  SCV  
  100  6:15  SCV  
  101  6:19  Supply Depot  
  101  6:20  Barracks, Medivac, Marine x2  
  101  6:21  Barracks, Armory  
  101  6:23  Refinery, Marine x2  
  101  6:25  Marine  
  111  6:33  SCV x2  
  111  6:34  SCV  
  111  6:38  Marine x2  
  116  6:41  Marine  
  116  6:43  Marine  
  116  6:45  SCV  
  116  6:46  Factory Tech Lab, Bunker  
  116  6:47  Bunker  
  116  6:48  Marauder  
  114  6:55  Marine x2  
  114  6:57  Medivac x2  
  114  6:59  Marine  
  114  7:01  Marine, Supply Depot x2  
  120  7:02  Supply Depot  
  120  7:05  Siege Tank  
  123  7:08  Barracks Tech Lab  
  123  7:09  Barracks Tech Lab  
  123  7:10  Marauder  
  123  7:13  Marine x2  
  125  7:16  Refinery, Supply Depot  
  125  7:17  Terran Infantry Weapons Level 2  
  125  7:20  Marine  
  125  7:21  Marine  
  127  7:24  Bunker  
  127  7:28  Marauder x2  
  131  7:31  Marauder  
  131  7:32  Concussive Shells  
  131  7:33  Supply Depot  
  133  7:42  Marine  
  133  7:44  Marine  
  135  7:48  Terran Infantry Armor Level 2  
  135  7:49  Marine x2  
  135  7:50  Marauder x2  
  139  7:53  Marauder  
  140  8:00  Siege Tank, Marine  
  140  8:01  Marine  
  145  8:06  Medivac, Marine  
  145  8:07  Medivac  
  145  8:11  Marauder x2, Marine  
  155  8:14  Marauder  
  155  8:15  Terran Vehicle Weapons Level 1  
  155  8:18  Marine  
  155  8:19  Supply Depot x2, Marine  
  159  8:26  Marine  
  160  8:29  Marine  
  160  8:32  Marauder  
  160  8:33  Marauder  
  165  8:35  Marine x2  
  165  8:37  Marine  
  163  8:42  Siege Tank  
  163  8:43  Marine  
  163  8:46  Marine  
  165  8:50  Command Center  
  165  8:51  SCV  
  165  8:53  Marauder, Marine  
  165  8:54  Medivac x2, Factory  
  173  8:59  Marauder, Marine x2  
  172  9:14  Marauder  
  172  9:15  Siege Tank  
  173  9:21  Marauder x2, Marine x4  
  181  9:29  Barracks x2  
  181  9:30  Barracks  
  181  9:35  Marine  
  181  9:38  Marine  
  181  9:39  Marine x3  
  181  9:42  Marauder x2  
  189  9:49  Sensor Tower  
  189  9:50  Factory Tech Lab  
  189  10:01  Siege Tank, Marine  
  189  10:02  Marauder  
  189  10:06  Marauder x2  
  188  10:07  Marine x2  
  188  10:08  Marine  
  188  10:18  Marine  
  168  10:22  Marine  
  168  10:24  Marine  
  168  10:25  Barracks Tech Lab x2, Marine  
  168  10:26  Planetary Fortress, Marine  
  168  10:27  Marine, SCV x2  
  168  10:28  Marauder  
  176  10:29  SCV  
  171  10:36  Marine  
  171  10:37  Liberator  
  171  10:39  SCV x2  
  171  10:41  Siege Tank, Marauder, SCV  
  171  10:42  Marine  
  177  10:45  Medivac  
  177  10:46  Marauder  
  176  10:54  Marauder  
  162  10:59  Siege Tank  
  162  11:03  SCV x3  
  162  11:04  SCV  
  169  11:09  Marauder  
  171  11:11  Refinery  
  171  11:13  Siege Tank, Marine  
  171  11:14  Refinery  
  171  11:15  Medivac  
  171  11:16  Marauder  
  179  11:19  Marauder  
  172  11:28  Marine x2  
Show
View Real Time Build Order
Export as new Build Order

Lambo Zerg 

Build Orders: Hatch First 

Get SALT Encoding   

  12  0:00  Drone  
  13  0:12  Overlord  
  13  0:17  Drone  
  14  0:30  Drone x2  
  16  0:48  Hatchery  
  15  0:51  Drone  
  15  0:55  Drone  
  17  0:58  Drone  
  18  1:09  Extractor  
  17  1:13  Spawning Pool  
  17  1:17  Drone  
  17  1:20  Drone  
  18  1:27  Drone  
  19  1:38  Drone  
  20  1:49  Drone  
  21  2:00  Queen x2  
  21  2:01  Zergling x4  
  27  2:12  Overlord, Drone  
  28  2:31  Drone x2  
  28  2:32  Drone x2  
  28  2:36  Queen  
  33  2:41  Metabolic Boost  
  33  2:44  Overlord  
  33  2:46  Drone  
  34  2:59  Drone  
  34  3:02  Zergling x2  
  36  3:09  Queen  
  36  3:10  Overlord  
  36  3:12  Zergling x6  
  41  3:15  Drone x2  
  43  3:24  Overlord  
  43  3:27  Hatchery  
  43  3:32  Overlord  
  43  3:33  Drone  
  43  3:35  Queen  
  43  3:37  Drone  
  46  3:42  Drone  
  46  3:47  Drone  
  48  3:55  Drone  
  48  3:57  Drone x3  
  51  4:03  Queen  
  51  4:05  Drone x5  
  58  4:12  Overlord  
  58  4:15  Roach Warren  
  58  4:16  Drone  
  58  4:21  Extractor  
  58  4:23  Overlord  
  57  4:25  Drone x3  
  57  4:29  Drone  
  61  4:33  Drone x3  
  64  4:40  Drone x3  
  64  4:43  Lair  
  67  4:47  Drone  
  67  4:52  Drone x4  
  72  4:55  Drone  
  72  4:58  Drone  
  74  5:03  Overlord, Extractor x2  
  74  5:05  Drone  
  73  5:08  Drone  
  73  5:12  Drone x4  
  73  5:13  Drone  
  79  5:19  Overlord, Extractor  
  79  5:20  Overlord  
  78  5:23  Roach x2  
  78  5:25  Roach x2  
  86  5:33  Roach, Overlord  
  86  5:34  Evolution Chamber x2  
  86  5:36  Overlord  
  86  5:41  Extractor  
  87  5:43  Roach x3  
  87  5:44  Glial Reconstitution  
  87  5:45  Roach x4  
  87  5:46  Drone  
  87  5:49  Drone x3  
  103  5:53  Drone  
  104  6:00  Roach x2  
  104  6:02  Drone x2  
  110  6:07  Drone x2  
  110  6:08  Hatchery  
  110  6:10  Overlord, Drone  
  112  6:12  Drone  
  112  6:16  Zerg Missile Weapons Level 1  
  112  6:18  Zerg Ground Armor Level 1  
  113  6:24  Overlord  
  117  6:25  Roach x2  
  117  6:29  Overlord  
  117  6:30  Overlord  
  119  6:32  Overlord, Ravager  
  119  6:33  Ravager  
  119  6:34  Roach  
  123  6:40  Roach x3  
  123  6:43  Overlord  
  123  6:44  Overlord  
  127  6:48  Baneling Nest  
  127  6:49  Overlord  
  127  6:51  Overlord  
  127  6:54  Roach  
  123  6:57  Ravager  
  123  7:00  Drone x6  
  128  7:05  Roach  
  128  7:06  Roach  
  131  7:10  Spore Crawler  
  131  7:11  Drone x2  
  131  7:12  Drone x2  
  131  7:15  Ravager, Drone x4  
  137  7:25  Hatchery, Drone x3  
  139  7:30  Infestation Pit  
  139  7:31  Roach x2  
  139  7:33  Zergling x4  
  144  7:40  Zergling x2  
  144  7:41  Zergling x14  
  152  7:44  Roach  
  152  7:45  Zergling x2, Roach  
  152  7:47  Zergling x4  
  159  7:56  Zergling x6  
  157  8:01  Zergling x4  
  157  8:04  Zergling x4, Extractor  
  159  8:09  Zergling x8  
  163  8:13  Zerg Ground Armor Level 2  
  163  8:14  Hive, Zerg Melee Weapons Level 1  
  163  8:16  Zergling x2  
  163  8:17  Zergling x12  
  163  8:19  Ravager  
  172  8:20  Ravager  
  172  8:24  Centrifical Hooks  
  173  8:27  Zergling x8  
  173  8:28  Ravager  
  173  8:29  Baneling  
  173  8:30  Baneling x8  
  173  8:32  Zergling x4  
  176  8:35  Zergling x8  
  175  8:44  Zergling x16  
  182  8:51  Queen  
  182  8:52  Queen  
  182  8:53  Overlord  
  186  8:55  Baneling  
  186  8:56  Baneling x9  
  186  9:00  Overlord  
  186  9:02  Baneling x6  
  186  9:07  Zergling x10  
  186  9:09  Zergling x8  
  187  9:12  Zergling x8  
  187  9:15  Zergling x6  
  180  9:18  Zergling x6  
  180  9:24  Zergling x10  
  183  9:26  Zergling x2  
  183  9:30  Viper x2  
  190  9:32  Viper  
  190  9:36  Zergling x4  
  190  9:37  Baneling x2  
  188  9:41  Zergling x8  
  188  9:44  Zergling x4  
  194  9:49  Baneling x9  
  194  9:54  Zergling x10  
  194  9:56  Zergling x2  
  198  10:03  Zergling x14  
  198  10:06  Zergling x4  
  182  10:10  Zergling x6  
  182  10:13  Zergling x2  
  176  10:14  Zergling x2  
  176  10:18  Zergling x2  
  176  10:19  Zergling x4  
  176  10:20  Zergling x2  
  154  10:23  Zergling x4  
  154  10:24  Baneling  
  154  10:25  Ravager  
  154  10:27  Zergling x2  
  156  10:30  Baneling x5  
  156  10:32  Zergling x2  
  156  10:34  Ravager x4  
  158  10:35  Zergling x2  
  158  10:40  Zergling x6  
  158  10:45  Zergling x8  
  155  10:50  Zergling x8  
  155  10:53  Zergling x6  
  147  11:00  Zergling x10  
  152  11:05  Roach x2  
  152  11:08  Zergling x2  
  152  11:09  Zergling x4  
  152  11:10  Baneling x2  
  159  11:11  Ravager  
  159  11:14  Roach x2  
  159  11:16  Zergling x2, Roach  
  166  11:21  Zergling x10  
  166  11:24  Roach x2  
  150  11:27  Roach x2  
  150  11:29  Roach  
Tags
 
Add a new tag
Caveats
  • Supply blocks, unpowered buildings, or Contaminate may cause inaccurate times.
  • Supply counts are checked every 10 seconds.